Map: Abyssal Reef LE

Players

aLive

  • Race: Terran Terran
  • Spawn Location: 11:00

TYTY (TY) - Winner!

  • Race: Terran Terran
  • Spawn Location: 5:00

Event: IEM XI Katowice - World Championship 2017

VOD

Have the link to the VOD?

Description

Time

  • Played on: March 5, 2017, 6:34 a.m.
  • Length: 14:09

All games in this series

Show
View Real Time Build Order
Export as new Build Order

aLive Terran 

Build Orders: Cyclone Opening, Bio Tank 

Get SALT Encoding   

  12  0:00  SCV  
  13  0:12  SCV  
  14  0:17  Supply Depot  
  14  0:24  SCV  
  14  0:28  Refinery  
  15  0:38  SCV  
  16  0:45  Barracks  
  16  0:50  SCV  
  17  1:03  SCV  
  18  1:15  SCV  
  19  1:32  Reaper, Orbital Command  
  20  1:44  Command Center  
  20  1:54  Factory  
  20  1:57  SCV  
  21  2:03  Refinery  
  22  2:09  SCV  
  22  2:10  Barracks Reactor  
  22  2:15  Supply Depot  
  22  2:22  SCV  
  23  2:37  SCV  
  24  2:38  Cyclone  
  27  2:49  SCV  
  28  2:55  Marine, Starport  
  29  2:58  Orbital Command  
  29  3:01  SCV  
  30  3:05  Marine  
  31  3:13  SCV  
  31  3:15  Factory Tech Lab  
  32  3:23  Marine x2  
  32  3:24  SCV  
  32  3:25  SCV  
  36  3:32  Viking  
  38  3:37  Supply Depot  
  38  3:38  Siege Tank  
  41  3:45  Marine x2  
  42  3:49  SCV x2  
  44  4:02  SCV x2  
  46  4:04  Command Center  
  46  4:13  Marine x2  
  46  4:15  SCV x2  
  50  4:17  Factory Tech Lab  
  50  4:19  Raven  
  50  4:22  Supply Depot  
  52  4:27  SCV x2  
  54  4:31  Refinery  
  54  4:33  Refinery  
  54  4:42  Supply Depot  
  54  4:43  Marine x2  
  54  4:44  SCV  
  57  4:46  SCV  
  57  4:48  Supply Depot  
  57  4:51  Siege Tank  
  61  4:56  SCV  
  62  5:01  Engineering Bay  
  62  5:03  Engineering Bay  
  62  5:04  SCV  
  63  5:09  SCV  
  64  5:16  SCV  
  64  5:18  Marine, Orbital Command  
  64  5:19  Stimpack  
  66  5:26  Barracks  
  66  5:29  Barracks  
  66  5:30  SCV x2  
  66  5:33  Siege Tank  
  71  5:45  SCV x3  
  74  5:52  Marine, Medivac x2  
  74  5:56  Orbital Command  
  78  6:05  SCV x2  
  78  6:11  Marine, Barracks x2  
  78  6:12  Siege Tank  
  78  6:17  SCV x2  
  79  6:19  Orbital Command  
  77  6:29  Marine  
  68  6:38  Barracks Reactor x2  
  68  6:39  SCV x2  
  66  6:45  SCV  
  66  6:51  Marine, SCV x2  
  66  6:52  Siege Tank  
  72  6:58  SCV  
  72  6:59  Barracks Reactor x2  
  72  7:02  Terran Infantry Armor Level 1, Terran Infantry Weapons Level 1  
  72  7:03  SCV x2  
  72  7:08  Medivac x2  
  76  7:13  SCV  
  76  7:15  SCV x2  
  80  7:20  Marine x5  
  85  7:25  SCV  
  86  7:34  Siege Tank  
  86  7:36  SCV  
  86  7:37  SCV  
  91  7:38  SCV  
  92  7:45  Marine  
  92  7:49  Orbital Command  
  93  7:51  Marine x8  
  98  8:03  Marine  
  91  8:09  Marine x8  
  94  8:14  SCV x2  
  96  8:26  Siege Tank  
  88  8:41  Marine x5  
  88  8:42  Marine x2  
  88  8:47  Marine x2  
  97  8:53  SCV x2  
  97  8:55  Medivac  
  95  8:59  Marine  
  95  9:01  Supply Depot  
  95  9:02  Supply Depot  
  90  9:10  Combat Shields  
  90  9:24  Marine x5, Medivac  
  83  9:40  Supply Depot  
  83  9:41  Supply Depot  
  81  9:47  Marine x3  
  81  9:48  Marine x2  
  85  9:57  Marine x3  
  78  10:01  Marine  
  79  10:13  Medivac  
  79  10:14  Medivac  
  71  10:32  Marine x2, Siege Tank  
  71  10:33  Marine x6  
  80  10:35  Marine  
  81  10:44  SCV  
  81  10:45  SCV  
  82  10:55  Marine  
  82  10:56  Marine x8  
  91  11:10  Siege Tank, Medivac x2  
  97  11:13  Supply Depot  
  92  11:29  Marine x6  
  92  11:30  Marine x3  
  71  11:41  Medivac x2  
  71  11:42  Siege Tank  
  71  11:46  SCV x2  
  74  12:00  SCV x2  
  73  12:05  Marine x5  
  73  12:06  Marine x3  
  69  12:30  Viking, Siege Tank  
  69  12:31  Viking  
  69  12:36  SCV  
  76  12:39  Marine x4  
  76  12:42  Marine  
  69  12:48  Marine  
  69  12:49  Marine  
  69  12:56  SCV  
  69  13:01  Marine  
  60  13:13  Marine x3  
  57  13:20  Marine x2  
  57  13:23  Marine  
  57  13:25  Marine  
  61  13:31  Marine  
  58  13:38  Marine x2  
  55  13:43  Marine  
  55  13:47  Marine  
Show
View Real Time Build Order
Export as new Build Order

TYTY Terran - Winner!

Build Orders: Reaper Expand, Bio Tank 

Get SALT Encoding   

  12  0:00  SCV  
  13  0:12  SCV  
  14  0:17  Supply Depot  
  14  0:24  SCV  
  14  0:28  Refinery  
  15  0:38  SCV  
  16  0:44  Barracks  
  16  0:50  SCV  
  17  1:02  SCV  
  18  1:14  SCV  
  19  1:31  Reaper, Orbital Command  
  20  1:43  Command Center  
  20  1:54  Factory  
  20  1:57  SCV  
  21  2:05  Barracks Reactor  
  21  2:11  Supply Depot, SCV  
  22  2:15  Refinery  
  22  2:23  SCV  
  23  2:35  SCV  
  24  2:37  Hellion  
  24  2:43  Marine x2, Starport  
  28  2:48  SCV  
  29  2:55  Orbital Command  
  29  3:00  SCV  
  29  3:03  Factory Tech Lab  
  29  3:05  Marine  
  30  3:06  Marine  
  32  3:14  SCV  
  33  3:24  SCV  
  33  3:26  SCV  
  35  3:27  Factory Tech Lab  
  35  3:29  Marine, Raven  
  35  3:30  Marine  
  39  3:35  Supply Depot  
  39  3:36  SCV  
  39  3:39  SCV  
  41  3:48  SCV, Refinery  
  41  3:54  Siege Tank  
  45  3:55  SCV  
  45  3:56  Marine x2  
  45  4:00  SCV  
  49  4:07  Supply Depot  
  49  4:12  Supply Depot, SCV x2  
  51  4:22  Viking  
  53  4:24  SCV  
  53  4:28  Viking  
  53  4:29  Supply Depot, SCV  
  57  4:34  Siege Tank  
  57  4:35  Marine  
  57  4:36  SCV  
  62  4:42  SCV  
  63  4:52  Viking  
  66  4:54  Marine  
  66  4:58  Viking  
  66  4:59  Supply Depot, SCV x2  
  70  5:05  Stimpack  
  69  5:08  Refinery  
  69  5:11  SCV x2  
  69  5:12  Marine  
  72  5:21  Viking, Command Center  
  72  5:23  SCV  
  75  5:28  Viking  
  75  5:35  SCV  
  75  5:43  SCV  
  75  5:46  Supply Depot  
  75  5:49  SCV  
  77  5:50  Marine  
  77  5:51  Viking  
  77  5:55  SCV  
  80  6:01  SCV  
  81  6:07  SCV  
  81  6:08  Marine  
  82  6:11  Viking  
  82  6:13  SCV  
  82  6:17  Siege Tank  
  87  6:19  SCV  
  87  6:21  Viking  
  87  6:25  SCV  
  88  6:26  Marine  
  88  6:31  SCV  
  89  6:37  SCV  
  89  6:38  Engineering Bay  
  89  6:39  Engineering Bay  
  86  6:43  Marine  
  86  6:44  SCV  
  88  6:49  SCV  
  89  6:55  Barracks  
  89  6:56  SCV, Barracks  
  90  7:01  Marine, SCV  
  90  7:05  Siege Tank  
  90  7:08  Terran Infantry Weapons Level 1  
  95  7:09  Starport Reactor  
  95  7:12  SCV  
  95  7:13  Missile Turret  
  96  7:19  Marine  
  96  7:22  SCV  
  98  7:24  SCV  
  98  7:34  SCV  
  98  7:36  SCV  
  97  7:37  Marine, Siege Tank  
  98  7:47  Missile Turret, SCV  
  98  7:48  SCV  
  98  7:49  Barracks Reactor  
  98  7:53  Combat Shields  
  98  7:55  Marine, Barracks Reactor  
  99  8:05  SCV x2  
  100  8:06  Supply Depot  
  100  8:09  Siege Tank  
  100  8:10  Barracks  
  105  8:20  Medivac x2  
  105  8:24  Supply Depot x2, Refinery  
  105  8:25  Supply Depot  
  97  8:37  SCV  
  97  8:41  Marine x2  
  90  8:44  Orbital Command  
  93  8:48  Siege Tank  
  93  8:49  SCV  
  90  9:01  SCV  
  89  9:04  Marine  
  89  9:06  Marine  
  89  9:08  Marine x2  
  94  9:10  Marine  
  94  9:11  Marine, Orbital Command  
  93  9:24  Marine  
  93  9:26  Marine  
  93  9:28  Marine  
  93  9:29  Marine  
  84  9:34  Barracks Reactor  
  79  9:42  Marine, Medivac x2  
  79  9:43  Marine  
  82  9:46  SCV x2  
  76  9:56  Marine  
  73  10:00  Marine  
  73  10:01  Marine  
  75  10:11  SCV  
  75  10:12  SCV x2, Orbital Command  
  68  10:14  Marine  
  68  10:15  Terran Infantry Armor Level 1  
  68  10:18  Marine  
  68  10:19  Marine x3  
  67  10:32  Marine  
  67  10:34  Orbital Command  
  68  10:35  Marine  
  68  10:36  Marine  
  68  10:37  Marine x2  
  68  10:39  Barracks Reactor  
  68  10:40  Siege Tank  
  75  10:45  Missile Turret  
  75  10:48  SCV x2  
  77  10:50  Marine  
  77  10:53  Marine  
  77  10:54  Marine x2  
  77  10:55  Marine  
  79  10:58  Missile Turret  
  79  11:00  SCV x2  
  82  11:07  Viking x2  
  82  11:08  Marine  
  87  11:11  Marine  
  87  11:12  Marine x2  
  87  11:17  SCV  
  90  11:20  SCV x2  
  86  11:27  Marine x2  
  86  11:30  SCV  
  86  11:31  Supply Depot, Siege Tank  
  92  11:32  SCV  
  92  11:33  Marine x3, SCV  
  92  11:35  Marine  
  92  11:37  Marine  
  99  11:42  SCV  
  99  11:45  SCV x2  
  102  11:49  Marine x2  
  102  11:51  Marine x2  
  102  11:53  Marine  
  102  11:54  Marine, SCV  
  106  12:03  Marine  
  106  12:07  Marine  
  106  12:10  Siege Tank  
  106  12:12  Supply Depot  
  106  12:13  Marine x4  
  113  12:27  Marine x2  
  113  12:28  SCV  
  110  12:31  Medivac  
  111  12:38  Marine  
  111  12:39  Marine  
  111  12:48  Marine x2  
  111  12:49  Marine  
  114  12:55  Marine x2, Refinery  
  114  12:56  Marine, Refinery  
  114  12:57  Supply Depot x2, Marine  
  118  13:00  Medivac  
  118  13:04  SCV  
  120  13:06  Marine x3  
  115  13:12  Marine  
  115  13:13  Marine x2  
  115  13:15  Marine  
  104  13:22  Siege Tank  
  104  13:24  Marine x3  
  110  13:30  Marine  
  111  13:38  Marine x3  
  111  13:40  SCV  
  111  13:41  SCV  
  112  13:42  Marine x3  
  111  13:49  Barracks  
  111  13:51  Barracks  

Tags
 
Add a new tag
Caveats
  • Supply blocks, unpowered buildings, or Contaminate may cause inaccurate times.
  • Supply counts are checked every 10 seconds.